 Dungeon Crawl Stone Soup version 0.27.0-1-g7a089689b8 (webtiles) character file.

Game seed: 6186001496472675780

44 MacCMillion the Skirmisher (level 3, 33/33 HPs)
             Began as a Hill Orc Fighter on Aug 16, 2021.
             Quit the game on level 2 of the Dungeon.
             The game lasted 00:01:49 (1052 turns).

MacCMillion the Skirmisher (Hill Orc Fighter)       Turns: 1052, Time: 00:01:49

Health: 33/33      AC:  9    Str: 19    XL:     3   Next: 60%
Magic:  3/3        EV:  5    Int:  8    God:
Gold:   9          SH:  9    Dex: 10    Spells: 2/2 levels left

rFire    . . .     SeeInvis .   a - +0 war axe
rCold    . . .     Faith    .   c - +0 kite shield
rNeg     . . .     Spirit   .   g - +0 chain mail
rPois    .         Reflect  .   (no helmet)
rElec    .         Harm     .   (no cloak)
rCorr    .         Rampage  .   (no gloves)
Will     .....                  (no boots)
Stlth    ..........             (no amulet)
HPRegen  0.11/turn              (no ring)
MPRegen  0.08/turn              (no ring)

@: no status effects
A: no striking features
a: no special abilities


You were on level 2 of the Dungeon.
You visited 1 branch of the dungeon, and saw 2 of its levels.

You collected 9 gold pieces.

Inventory:

Hand Weapons
 a - a +0 war axe (weapon)
Armour
 c - a +0 kite shield (worn)
 g - a +0 chain mail (worn)
Scrolls
 e - a scroll of noise {unknown}
Potions
 d - a potion of might
 f - a potion of mutation {unknown}


   Skills:
 + Level 4.1 Fighting
 + Level 3.7 Axes
 + Level 3.5 Armour
 - Level 0.2 Dodging
 - Level 0.1 Stealth
 + Level 3.7 Shields


You had 2 spell levels left.
You didn't know any spells.
Your spell library was empty.

Dungeon Overview and Level Annotations

Branches:
Dungeon (2/15)

Altars:


Message History

There is a stone staircase leading down here.
You climb downwards.
There is a stone staircase leading up here.
A hobgoblin comes into view.
The hobgoblin shouts!
You closely miss the hobgoblin. The hobgoblin barely misses you.
You hit the hobgoblin.
You kill the hobgoblin!
No target in view!
Found 18 arrows.
You see here 18 arrows.
A worm comes into view.
The worm bites you!
You hit the worm.
The worm is lightly wounded.
The worm barely misses you.
You hit the worm.
The worm is lightly wounded.
You block the worm's attack.
You slash the worm!
The worm is heavily wounded.
You block the worm's attack.
You hit the worm.
The worm is heavily wounded.
You hit the worm.
The worm is severely wounded.
You block the worm's attack.
You hit the worm.
The worm is severely wounded.
The worm bites you but does no damage.
You hit the worm.
You kill the worm!
No target in view!
HP restored.
Found a stone staircase leading up.
You open the door.
There is an open door here.
There is a stone staircase leading up here.
Found a glowing leather armour.
Are you sure you want to abandon this character and quit the game? (Confirm with "yes".)

#..... #..... . #.....
.. #..... ... #.....
.... ###..... .....
..#.....
......###########.#.....
.......@........#.#.....
......#########.#.#.....
..... #<#.###... ....
##........ ... #....#...
[. #....#... . #....###+
#....# #. #....###.


There were no monsters in sight!

Vanquished Creatures
  A worm (D:2)
  2 dart slugs (D:1)
  2 ball pythons (D:1)
  4 endoplasms (D:1)
  4 giant cockroaches (D:1)
  3 goblins (D:1)
  2 hobgoblins
  4 jackals (D:1)
  4 quokkas (D:1)
  A frilled lizard (D:1)
  A kobold (D:1)
  4 rats (D:1)
32 creatures vanquished.

Notes
Turn   | Place    | Note
-------+----------+-------------------------------------------
     0 | D:1      | MacCMillion the Hill Orc Fighter began the quest for the
                  | Orb.
     0 | D:1      | Reached XP level 1. HP: 19/19 MP: 1/1
    97 | D:1      | Reached XP level 2. HP: 21/27 MP: 2/2
   382 | D:1      | Reached skill level 4 in Fighting
   451 | D:1      | Reached XP level 3. HP: 30/33 MP: 3/3
   660 | D:1      | Found a faded altar of an unknown god.
  1052 | D:2      | Quit the game

Illustrated notes

Levels and vault maps discovered:
D:1:      zaba_arrival_water, layout_basic, ebering_ecumenical_altar_petrified
D:2:      layout_basic, minmay_misc_feat_chi, minmay_indecisive_spiral

Skill      XL: |  1  2 |
---------------+-------+-----
Axes           | 3 |  3.7
Fighting       | 4 |  4.1
Armour         | |  3.5
Dodging        | |  0.2
Stealth        | |  0.1
Shields        | |  3.7

Action                   || total
-------------------------++-------
Melee: War axe           ||    88
Armor: Scale mail        ||    49
       Chain mail        ||     1
Dodge: Dodged            ||    28
Block: Kite shield       ||    49
